AoeStats
← BYoooo

Hideout

509055337Analyzed
1v1 RM · 7d ago on Sep 25, 2026· 45m 45s· 2 players
Game mode
Random Map
Map size
Tiny (2 player)
Population
200
Speed
Normal
Resources
Standard
Victory
Conquest
Starting age
Dark Age
Ending age
Imperial Age
RankedLock teamsTeams togetherTeam positionsShared explorationLock speedFull tech treeHidden civsTurbo modeCheats
Victory
Defeat
🇫🇷 Mongols · France
695
+15
🇩🇪 Franks · Germany
673
-15
BYoooo
10:12 Feudal Age
10:38 Double-Bit Axe
12:53 Stone Mining
21:12 Castle Age
21:07 Gold Mining
23:51 Husbandry
41:35 Bow Saw
41:33 Scale Barding Armor
41:39 Forging
42:13 Gold Shaft Mining
44:30 Wheelbarrow
43:42 Town Watch
48:28 Imperial Age
46:02 Town Patrol
46:21 Hand Cart
armand.felicite
7:03 Loom
7:08 Loom
9:33 Feudal Age
10:42 Horse Collar
10:51 Double-Bit Axe
17:30 Castle Age
16:21 Fletching
19:04 Forging
21:50 Town Watch
22:45 Wheelbarrow
29:35 Imperial Age
27:54 Town Patrol
30:09 Hand Cart
32:50 Thumb Ring
43:22 Scale Barding Armor
Connection lost

Rejoining the realm…

Still unreachable

The connection could not be restored.

Session expired

The server has moved on; the page needs a fresh start.